Map: Pylon LE

Players

ShoWTimE

  • Race: Protoss Protoss
  • Spawn Location: 11:00

VITmaru (Maru) - Winner!

  • Race: Terran Terran
  • Spawn Location: 5:00

Event: DreamHack Dallas 2025

VOD

Have the link to the VOD?

Description

Time

  • Played on: May 24, 2025, 1:03 p.m.
  • Length: 8:44

All games in this series

Show
View Real Time Build Order
Export as new Build Order

ShoWTimE Protoss 

Build Orders: 1 Gate Expand, Phoenix Opening, Colossus Rush 

Get SALT Encoding   

  12  0:00  Probe  
  13  0:12  Probe  
  14  0:17  Pylon  
  14  0:24  Probe  
  14  0:27  Assimilator  
  15  0:35  Probe  
  15  0:42  Gateway  
  16  0:43  Probe  
  17  0:51  Probe  
  18  1:03  Probe  
  19  1:19  Nexus  
  19  1:28  Cybernetics Core  
  19  1:31  Probe  
  20  1:36  Assimilator  
  20  1:43  Probe  
  21  1:47  Pylon  
  21  1:53  Stalker  
  21  1:56  Probe  
  22  2:05  Warp Gate  
  22  2:08  Probe  
  25  2:20  Probe  
  25  2:22  Sentry  
  26  2:23  Phoenix  
  26  2:27  Probe  
  28  2:32  Probe  
  28  2:35  Probe  
  28  2:36  Twilight Council  
  30  2:40  Shield Battery  
  31  2:44  Probe  
  31  2:45  Probe  
  31  2:47  Stalker  
  35  2:52  Charge  
  35  2:56  Probe  
  35  2:57  Probe  
  37  2:59  Phoenix  
  37  3:02  Gateway  
  37  3:08  Probe  
  37  3:09  Probe  
  39  3:20  Probe  
  39  3:21  Probe  
  39  3:23  Robotics Facility  
  41  3:31  Pylon  
  41  3:32  Probe  
  41  3:33  Probe  
  43  3:38  Gateway  
  43  3:44  Probe  
  43  3:45  Probe  
  43  3:46  Assimilator  
  43  3:48  Assimilator  
  45  3:57  Probe x2  
  45  4:02  Pylon  
  47  4:03  Stalker x2  
  47  4:09  Probe  
  53  4:10  Probe  
  53  4:11  Observer  
  53  4:15  Forge  
  53  4:16  Robotics Bay  
  54  4:21  Probe  
  54  4:22  Probe  
  56  4:42  Protoss Ground Weapons Level 1  
  56  4:43  Zealot x2  
  56  4:44  Observer  
  61  4:50  Zealot, Pylon  
  62  4:57  Colossus  
  67  5:14  Probe  
  67  5:20  Extended Thermal Lance  
  68  5:25  Pylon  
  68  5:27  Nexus  
  67  5:29  Probe  
  67  5:33  Probe  
  67  5:35  Colossus  
  68  5:40  Pylon  
  68  5:41  Probe  
  69  5:54  Probe x2  
  77  5:58  Pylon  
  77  6:00  Sentry  
  79  6:08  Gateway  
  79  6:09  Probe, Gateway  
  79  6:10  Probe  
  81  6:18  Zealot  
  81  6:19  Zealot  
  81  6:21  Probe  
  81  6:23  Zealot  
  81  6:24  Probe  
  89  6:27  Colossus  
  89  6:32  Pylon  
  89  6:33  Probe  
  89  6:36  Probe  
  97  6:43  Probe  
  97  6:45  Probe  
  99  6:48  Probe  
  99  6:52  Zealot, Sentry  
  104  6:57  Zealot  
  104  6:58  Probe x2  
  108  7:03  Shield Battery  
  108  7:07  Pylon  
  107  7:09  Immortal  
  107  7:12  Gateway  
  107  7:13  Stalker x2  
  109  7:21  Shield Battery  
  113  7:26  Zealot x2  
  117  7:30  Zealot  
  103  7:41  Zealot x2, Colossus  
  103  7:47  Zealot x2  
  109  7:51  Zealot  
  107  7:58  Pylon  
  107  8:02  Zealot x2, Pylon  
  111  8:11  Zealot  
  85  8:17  Zealot  
  75  8:23  Sentry  
  75  8:24  Nexus, Sentry  
  75  8:26  Stalker  
  81  8:33  Zealot  
  71  8:41  Zealot  
Show
View Real Time Build Order
Export as new Build Order

VITmaru Terran - Winner!

Build Orders: Cyclone Opening 

Get SALT Encoding   

  12  0:00  SCV  
  13  0:12  SCV  
  14  0:17  Supply Depot  
  14  0:24  SCV  
  15  0:39  Barracks, SCV  
  15  0:42  Refinery  
  16  0:51  SCV  
  16  0:52  Refinery  
  17  1:03  SCV  
  18  1:15  SCV  
  19  1:26  Reaper  
  19  1:27  Orbital Command  
  20  1:41  Factory  
  20  1:47  Supply Depot  
  20  1:53  SCV  
  21  2:00  Barracks Tech Lab  
  21  2:05  SCV  
  22  2:17  Command Center  
  22  2:18  SCV  
  23  2:30  SCV  
  23  2:33  Cyclone  
  27  2:38  Starport  
  27  2:42  SCV  
  28  2:47  Supply Depot  
  28  2:50  Barracks Reactor  
  28  2:54  SCV  
  31  3:05  Widow Mine  
  31  3:08  SCV  
  32  3:15  Medivac  
  34  3:20  SCV  
  34  3:26  Marine x2  
  39  3:27  Widow Mine  
  39  3:30  Orbital Command  
  39  3:33  SCV  
  40  3:37  Barracks  
  40  3:45  Starport Tech Lab, SCV, Marine x2  
  43  3:50  Supply Depot  
  43  3:53  Siege Tank  
  46  3:58  SCV  
  46  3:59  SCV  
  48  4:04  Marine x2  
  48  4:08  Raven  
  52  4:10  SCV  
  52  4:11  SCV  
  52  4:16  Supply Depot  
  54  4:22  Marine, SCV  
  56  4:24  Refinery  
  56  4:26  SCV  
  57  4:31  Siege Tank  
  57  4:35  SCV, Supply Depot  
  61  4:38  SCV  
  61  4:44  Engineering Bay  
  61  4:45  Barracks  
  60  4:47  SCV, Marine  
  60  4:48  Marine  
  60  4:50  SCV  
  64  4:56  Marine  
  64  4:59  SCV  
  66  5:03  SCV  
  66  5:05  Marine x2  
  69  5:07  Siege Tank  
  69  5:08  Stimpack  
  69  5:11  SCV  
  69  5:12  Refinery  
  69  5:13  Starport Reactor  
  71  5:16  Marine  
  71  5:18  SCV  
  73  5:23  SCV, Marine x2  
  73  5:27  Terran Infantry Weapons Level 1  
  75  5:30  SCV  
  75  5:33  Supply Depot  
  75  5:34  Marine  
  75  5:35  SCV  
  78  5:38  Barracks Tech Lab  
  78  5:48  Supply Depot x2  
  78  5:54  Marine x3, Siege Tank  
  78  5:56  Combat Shield, Marine  
  85  5:59  SCV  
  85  6:00  Supply Depot  
  86  6:09  Viking x2, SCV  
  91  6:12  Marine x2, Marauder  
  91  6:15  Supply Depot, Marauder  
  97  6:23  Supply Depot  
  97  6:30  Marine x2, Siege Tank  
  102  6:34  Marauder  
  102  6:36  Marauder  
  106  6:40  Viking  
  106  6:41  Viking  
  110  6:52  Command Center  
  110  6:58  Marauder  
  110  6:59  Marauder  
  110  7:00  Marine  
  110  7:01  Marine  
  116  7:09  Siege Tank  
  119  7:18  Barracks  
  119  7:19  Barracks  
  119  7:20  Supply Depot  
  119  7:27  Marine x2  
  121  7:30  Medivac x2  
  121  7:35  SCV x2  
  113  7:44  Marauder x2  
  113  7:47  SCV x2  
  108  7:59  SCV  
  108  8:00  SCV, Marine  
  108  8:04  Siege Tank  
  114  8:11  Marine  
  114  8:12  SCV x2, Marauder  
  105  8:13  Barracks Tech Lab  
  93  8:24  SCV x2  
  95  8:41  Barracks Reactor  
Tags
 
Add a new tag
Caveats
  • Supply blocks, unpowered buildings, or Contaminate may cause inaccurate times.
  • Supply counts are checked every 10 seconds.